AoeStats
← Jinjitis

Arena

508489305Analyzed
2v2 RM · 9d ago on Sep 22, 2026· 50m 34s· 4 players
Game mode
Random Map
Map size
Medium (4 player)
Population
200
Speed
Normal
Resources
Standard
Victory
Conquest
Starting age
Dark Age
Ending age
Imperial Age
RankedLock teamsTeams togetherTeam positionsShared explorationLock speedFull tech treeHidden civsTurbo modeCheats
Victory
Defeat
🇨🇭 Wei · Switzerland
1279
+14
🇨🇭 Franks · Switzerland
1188
+18
🇦🇷 Danes · Argentina
1259
-17
🇪🇨 Varangians · Ecuador
1203
-15
| CZK | CONANJD
11:10 Feudal Age
15:47 Castle Age
14:00 Horse Collar
14:32 Double-Bit Axe
15:01 Stone Mining
17:14 Coinage
18:23 Heavy Plow
20:03 Scale Barding Armor
21:36 Loom
26:07 Bloodlines
27:27 Chain Barding Armor
28:16 Forging
28:44 Husbandry
31:11 Iron Casting
31:00 Vendel Legacy
32:43 Wheelbarrow
33:45 Gold Mining
41:23 Imperial Age
39:11 Hand Cart
39:18 Squires
39:04 Gambesons
39:18 Pikeman
40:38 Scale Mail Armor
41:37 Halberdier
42:52 Chain Mail Armor
44:04 Plate Mail Armor
43:11 Halberdier
46:34 Blast Furnace
45:16 Man-at-Arms
ZY_Heizerd
10:39 Feudal Age
10:47 Loom
14:52 Castle Age
16:15 Forging
16:05 Scale Mail Armor
26:39 Iron Casting
26:20 Chain Mail Armor
29:19 Wheelbarrow
37:26 Imperial Age
35:10 Double-Bit Axe
35:08 Horse Collar
34:58 Hamask
38:37 Plate Mail Armor
38:20 Capped Ram
39:29 Conscription
40:11 Hand Cart
42:39 Blast Furnace
46:39 Elite Jomsviking
48:03 Heavy Plow
49:00 Gold Mining
Moonz
10:31 Feudal Age
14:42 Castle Age
13:03 Double-Bit Axe
14:02 Horse Collar
15:45 Wheelbarrow
15:33 Bow Saw
16:29 Heavy Plow
17:00 Gold Mining
26:13 Fletching
26:53 Loom
30:45 Bodkin Arrow
34:46 Hand Cart
35:42 Town Watch
39:12 Imperial Age
36:53 Scale Mail Armor
37:05 Husbandry
37:59 Forging
37:54 Scale Barding Armor
38:58 Town Patrol
39:52 Iron Casting
39:15 Heavy Hei Guang Cavalry
40:05 Bloodlines
41:09 Conscription
41:15 Ming Guang Armor
41:24 Chain Barding Armor
42:22 Blast Furnace
44:40 Gold Shaft Mining
48:14 Ballistics
48:54 Chemistry
47:37 Heavy Scorpion
Jinjitis
5:08 Loom
11:03 Feudal Age
16:43 Castle Age
14:55 Double-Bit Axe
15:21 Gold Mining
17:54 Husbandry
21:04 Bow Saw
21:01 Stone Mining
25:06 Wheelbarrow
28:42 Imperial Age
27:16 Scale Barding Armor
27:22 Forging
28:18 Gold Shaft Mining
28:45 Hand Cart
29:13 Cavalier
30:39 Chain Barding Armor
33:03 Plate Barding Armor
33:05 Iron Casting
34:37 Conscription
34:12 Fletching
36:04 Blast Furnace
34:40 Paladin
35:49 Town Watch
37:43 Hoardings
37:18 Chivalry
37:55 Bodkin Arrow
39:09 Chemistry
41:35 Town Patrol
Connection lost

Rejoining the realm…

Still unreachable

The connection could not be restored.

Session expired

The server has moved on; the page needs a fresh start.